 Dungeon Sprint DCSS version 0.24-a0-244-ga6a6ab7 (webtiles) character file.

Game seed: 5629654152340235411

7 MikeHunt the Charlatan (level 1, -4/19 HPs)
             Began as a Draconian Artificer on Apr 11, 2019.
             Slain by a human (5 damage)
             ... in the Dungeon (Sprint III: "The Ten Rune Challenge").
             The game lasted 00:00:58 (210 turns).

MikeHunt the Charlatan (Draconian Artificer)         Turns: 210, Time: 00:00:59

Health: -4/19      AC:  4    Str: 14    XL:     1   Next: 83%
Magic:  3/3        EV: 12    Int: 11    God:
Gold:   0          SH:  0    Dex: 11    Spells: 0/0 levels left

rFire    . . .     SeeInvis .   a - +0 short sword
rCold    . . .     Gourm    .   (no shield)
rNeg     . . .     Faith    .   (armour unavailable)
rPois    .         Spirit   .   (helmet restricted)
rElec    .         Reflect  .   (no cloak)
rCorr    .         Harm     .   (no gloves)
MR       .....     NoTele   +   (no boots)
Stlth    +.........             (no amulet)
HPRegen  0.06/turn              (no ring)
MPRegen  0.08/turn              (no ring)

@: no status effects
A: unfitting armour, cold-blooded, AC +4
a: no special abilities


You were in the Dungeon.
You were not hungry.

You visited 1 branch

Inventory:

Hand Weapons
 a - a +0 short sword (weapon)
Wands
 c - a wand of enslavement (15)
 d - a wand of random effects (15)
Scrolls
 k - a scroll of blinking
Potions
 e - a potion of curing
 g - a potion of heal wounds
 h - a potion of haste
 i - 2 potions of magic
 j - a potion of berserk rage
Comestibles
 f - a ration
 l - a chunk of flesh {@w1}


   Skills:
 + Level 3.0 Fighting
 - Level 1.0 Short Blades
 - Level 1.7 Dodging
 - Level 0.8 Stealth
 + Level 2.4 Unarmed Combat
 - Level 3.0 Evocations


You couldn't memorise any spells.
You didn't know any spells.
Your spell library was empty.

Dungeon Overview and Level Annotations

Branches:
Dungeon (1/1)

Altars:


Innate Abilities, Weirdness & Mutations

Your plain brown scales are hard. (AC +4)
You cannot fit into any form of body armour.
You are cold-blooded and may be slowed by cold attacks.


Message History

The human misses you.
You hit the human but do no damage.
You tail-slap the human, but do no damage.
The human is almost dead.
The human barely misses you.
You barely miss the human.
You tail-slap the human, but do no damage.
The human is almost dead.
The human hits you.
* * * LOW HITPOINT WARNING * * *
You miss the human.
The human is almost dead.
The human misses you.
You closely miss the human.
Your tail-slap misses the human.
The human is almost dead.
The human barely misses you.
You hit the human but do no damage.
The human is almost dead.
The human hits you.
You die...

▓.....#....≈.♣♣
▓....÷#...≈≈♣.♣.
▓....)#..≈≈≈≈..♣
▓####'#..≈≈≈≈≈≈♣
▓[....#.≈≈≈≈≈≈..
▓.....#.≈≈≈≈≈...
▓.....#.≈≈≈.....
▓'#####.........
▓....@p.........
▓▓▓▓▓▓▓▓▓▓▓▓▓▓▓▓


You could see a human.

Vanquished Creatures
  An ooze (D)
  3 rats (D)
4 creatures vanquished.

Vanquished Creatures (others)
  2 draconian scorchers (D)
  6 hellions (D)
  A yaktaur (D)
  A plant (D)
10 creatures vanquished.

Grand Total: 14 creatures vanquished

Notes
Turn   | Place    | Note
-------+----------+-------------------------------------------
     0 | D        | MikeHunt the Draconian Artificer began the quest for the
                  | Orb.
     0 | D        | Reached XP level 1. HP: 16/16 MP: 3/3
   141 | D        | Killed a white draconian scorcher
   144 | D        | Killed a yaktaur
   154 | D        | Killed a hellion
   154 | D        | Killed a hellion
   164 | D        | Killed a hellion
   165 | D        | Killed a hellion
   167 | D        | Killed a hellion
   168 | D        | Killed a hellion
   172 | D        | Killed a white draconian scorcher
   210 | D        | Slain by a human

Levels and vault maps discovered:
D:        dungeon_sprint_mu [sprint_mu_entry_forest, sprint_mu_temple_rooms,
          sprint_mu_d1_spiders, sprint_mu_d2_genie, sprint_mu_d3_branching,
          sprint_mu_orc_legion, sprint_mu_elf_gauntlet, sprint_mu_hive_nellie,
          sprint_mu_lair_fedhas, sprint_mu_vaults_butterflies,
          sprint_mu_slime_circle, sprint_mu_swamp_cave, sprint_mu_shoals_kraken,
          sprint_mu_blade_basic, sprint_mu_crypt_fortress,
          sprint_mu_tomb_spiral, sprint_mu_vestibule_basic,
          sprint_mu_gehenna_hellfire, sprint_mu_dis_giant,
          sprint_mu_tartarus_statrot, sprint_mu_cocytus_islands, sprint_mu_zot1]

Skill      XL: |  1 |
---------------+----+-----
Fighting       | 3 |  3.0
Unarmed Combat | 2 |  2.4
Short Blades   | |  1.0
Dodging        | |  1.7
Stealth        | |  0.8
Evocations     | |  3.0

Action                   || total
-------------------------++-------
Melee: Short sword       ||    13
       Tailslap          ||     2
Evoke: Wand              ||    15
 Stab: Sleeping          ||     1
Armor: Skin              ||     1
Dodge: Dodged            ||    12

Table legend:
 A = Non-vault XP
 B = Vault XP
 C = Vault XP percentage of total XP
 D = Non-vault monster count
 E = Vault monster count
 F = Vault count percentage of total count
                 A         B        C        D         E       F
            +---------+---------+-------+---------+---------+-------
      Total |       0 |      10 | 100.0 |       0 |       4 | 100.0
            +---------+---------+-------+---------+---------+-------
          D |       0 |      10 | 100.0 |       0 |       4 | 100.0
            +---------+---------+-------+---------+---------+-------
